 Dungeon Crawl Stone Soup version 0.30-a0-1082-g70414cbcbb (webtiles) character file.

Game seed: 14854006848759844673

93 gelatine the Trooper (level 4, 0/35 HPs)
             Began as a Demonspawn Fighter on Apr 15, 2023.
             Succumbed to a gnoll's poison
             ... on level 2 of the Dungeon.
             The game lasted 00:02:41 (1305 turns).

gelatine the Trooper (Demonspawn Fighter)           Turns: 1305, Time: 00:02:41

Health: 0/35       AC:  3    Str: 19    XL:     4   Next: 36%
Magic:  4/4        EV: 11    Int:  9    God:
Gold:   85         SH:  4    Dex: 12    Spells: 4/4 levels left

rFire   . . .      SeeInvis .    a - +0 war axe
rCold   + . .      Faith    .    c - +0 buckler
rNeg    . . .      Spirit   .    p - +0 robe of Wasted Space {rElec rC+ Will+++ Stlth+}
rPois   .          Reflect  .    (no helmet)
rElec   +          Rampage  .    n - +0 cloak
rCorr   .                        (no gloves)
Will    +++..                    (no boots)
Stlth   ++                       (no amulet)
HPRegen 0.25/turn                (no ring)
MPRegen 0.09/turn                (no ring)

@: lethally poisoned (0 -> -9), flying
A: spiny 1
a: no special abilities


You were on level 2 of the Dungeon.
You visited 1 branch of the dungeon, and saw 2 of its levels.

You collected 85 gold pieces.

Inventory:

Hand Weapons
 a - a +0 war axe (weapon)
Missiles
 l - 5 boomerangs (quivered)
Armour
 b - a +0 scale mail
 c - a +0 buckler (worn)
 n - a +0 cloak (worn)
 p - the +0 robe of Wasted Space (worn) {rElec rC+ Will+++ Stlth+}
   (You found it on level 2 of the Dungeon)

   rC:        It protects you from cold.
   rElec:     It insulates you from electricity.
   Will:      It greatly increases your willpower.
   Stlth:     It makes you more stealthy.
 s - the +1 ring mail of Syndicalism {-Cast +Blink rCorr}
   (You found it on level 2 of the Dungeon)

   +Blink:    It lets you blink.
   -Cast:     It prevents spellcasting.
   rCorr:     It protects you from acid and corrosion.
Scrolls
 e - a scroll of brand weapon {unknown}
 h - 2 scrolls of teleportation {unknown}
 j - a scroll of amnesia {unknown}
 k - a scroll of enchant weapon {unknown}
 o - a scroll of immolation {unknown}
 q - a scroll of fog {unknown}
Potions
 d - a potion of might
 f - 2 potions of flight
 g - a potion of heal wounds {unknown}
 i - a potion of mutation {unknown}
 m - a potion of cancellation {unknown}
 r - 2 potions of attraction {unknown}


   Skills:
 * Level 3.4 Fighting
 * Level 2.4 Axes
 * Level 0.5 Throwing
 * Level 3.1 Armour
 * Level 0.5 Dodging
 * Level 0.5 Stealth
 * Level 3.1 Shields
 * Level 0.6 Spellcasting


You had 4 spell levels left.
You didn't know any spells.
Your spell library was empty.

Dungeon Overview and Level Annotations

Branches:
Dungeon (2/15)

Altars:


Innate Abilities, Weirdness & Mutations

You are partially covered in sharp spines.


Message History

You throw a boomerang. The boomerang closely misses the gnoll.
The boomerang hits the gnoll.
The gnoll is moderately wounded.
You throw a boomerang.
The boomerang barely misses the gnoll. x2
The gnoll shouts!
You throw a boomerang.
The boomerang hits the gnoll but does no damage.
A gnoll comes into view. It is wielding a +0 whip.
The gnoll closely misses you.
The gnoll shouts!
You slash the gnoll!
The gnoll is heavily wounded.
The gnoll is struck by your spines. The gnoll hits you with a +0 flail!
You hit the gnoll.
You kill the gnoll!
The gnoll hits you from afar with a +0 spear!
You block the gnoll's attack. You block the gnoll's attack.
You see here a +0 flail.
You hit the gnoll but do no damage.
The gnoll is lightly wounded.
The gnoll hits you with a +0 spear.
You slash the gnoll!
The gnoll is severely wounded.
The gnoll misses you.
You slash the gnoll!
You kill the gnoll!
The gnoll closely misses you.
You barely miss the gnoll.
The gnoll hits you with a +1 whip of venom!
* * * LOW HITPOINT WARNING * * *
You are lethally poisoned!
You barely miss the gnoll.
* * * LOW HITPOINT WARNING * * *
You feel very sick. The gnoll barely misses you. The gnoll closely misses you.
It was a potion of flight.
You feel very buoyant.
You fly up into the air.
You die...

.>........##
#.######..# #.#
#..# #.# #..# #.#
#..# #..###
#....#
##.#.##########.#
#.......@gg.....
################


You could see 2 gnolls.

Vanquished Creatures
  Natasha (D:2)
  2 gnolls (D:2)
  An adder (D:2)
  A worm (D:2)
  A dart slug (D:1)
  5 ball pythons (D:1)
  3 endoplasms (D:1)
  A giant cockroach (D:1)
  A goblin (D:1)
  2 hobgoblins
  4 jackals (D:2)
  A kobold (D:1)
  A quokka (D:1)
  2 bats (D:1)
  3 frilled lizards (D:1)
  5 rats
34 creatures vanquished.

Notes
Turn   | Place    | Note
-------+----------+-------------------------------------------
     0 | D:1      | gelatine the Demonspawn Fighter began the quest for the
                  | Orb.
     0 | D:1      | Reached XP level 1. HP: 18/18 MP: 1/1
   207 | D:1      | Gained mutation: You are partially covered in sharp spines.
                  | [demonic ancestry]
   207 | D:1      | Reached XP level 2. HP: 18/24 MP: 2/2
  1005 | D:2      | Identified the +0 robe of Wasted Space {rElec rC+ Will+++
                  | Stlth+}
  1075 | D:2      | Reached XP level 3. HP: 29/29 MP: 3/3
  1114 | D:2      | Noticed Natasha
  1121 | D:2      | Killed Natasha
  1208 | D:2      | Reached XP level 4. HP: 33/35 MP: 4/4
  1284 | D:2      | Identified the +1 ring mail of Syndicalism {-Cast +Blink
                  | rCorr}
  1305 | D:2      | Succumbed to a gnoll's poison

Illustrated notes

Levels and vault maps discovered:
D:1:      lemuel_arrival_lava_pool, layout_loops_corners,
          minmay_misc_feat_pillars
D:2:      layout_loops_ring, uniq_natasha

Skill      XL: |  1  2 |
---------------+-------+-----
Shields        | 3 |  3.1
Armour         | 3 |  3.1
Axes           | 2 |  2.4
Fighting       | |  3.4
Throwing       | |  0.5
Dodging        | |  0.5
Stealth        | |  0.5
Spellcasting   | |  0.6

Action                     |  1- 3 |  4- 6 || total
---------------------------+-------+-------++-------
  Melee: War axe           |    52 |    11 ||    63
  Throw: Boomerang         |     9 |     4 ||    13
    Use: Potion            |       |     1 ||     1
   Stab: Sleeping          |     1 |       ||     1
 Armour: Scale mail        |    14 |       ||    14
         Robe              |     1 |       ||     1
  Dodge: Dodged            |    26 |     6 ||    32
  Block: Buckler           |    18 |     2 ||    20

Table legend: (Time is in decaauts)
 A = Elapsed time spent in this place.
 B = Non-inter-level travel time spent in this place.
 C = Inter-level travel time spent in this place.
 D = Time resting spent in this place.
 E = Time spent auto-exploring this place.
 F = Levels seen in this place.
 G = Mean time per level.
                   A        B        C        D        E       F      G
               +--------+--------+--------+--------+--------+-----+--------+
         Total |   1337 |   1320 |     17 |      0 |   1050 |   2 |  668.5 |
       Dungeon |   1337 |   1320 |     17 |      0 |   1050 |   2 |  668.5 |
               +--------+--------+--------+--------+--------+-----+--------+

Top non-repeatable levels by time:
     D:1: 1018 daAuts
     D:2: 318 daAuts
